Map: Ever Dream LE

Players

Astrea

  • Race: Protoss Protoss
  • League: Master
  • Spawn Location: 7:00

MaSa - Winner!

  • Race: Terran Terran
  • League: Master
  • Spawn Location: 1:00

Event: DreamHack SC2 Masters 2020 Fall

VOD

Have the link to the VOD?

Description

Time

  • Played on: Sept. 4, 2020, 6:04 p.m.
  • Length: 17:50

All games in this series

Show
View Real Time Build Order
Export as new Build Order

Astrea Protoss 

Build Orders:  

Get SALT Encoding   

  12  0:00  Probe  
  13  0:12  Probe  
  14  0:17  Pylon  
  14  0:24  Probe (Chrono Boost)  
  15  0:36  Probe (Chrono Boost)  
  15  0:38  Gateway  
  16  0:45  Probe (Chrono Boost)  
  16  0:47  Assimilator  
  17  0:51  Probe  
  18  1:03  Probe  
  19  1:05  Pylon  
  19  1:15  Probe  
  20  1:24  Cybernetics Core  
  22  1:25  Zealot  
  22  1:30  Probe  
  23  1:49  Nexus  
  23  1:59  Stalker (Chrono Boost), Assimilator  
  24  2:06  Probe  
  26  2:17  Warp Gate (Chrono Boost)  
  26  2:18  Probe  
  26  2:21  Stalker (Chrono Boost)  
  28  2:30  Probe  
  28  2:35  Gateway  
  29  2:44  Probe  
  30  2:56  Probe  
  31  3:01  Stalker  
  33  3:06  Probe  
  30  3:17  Probe  
  30  3:19  Probe  
  30  3:27  Stalker  
  30  3:29  Probe  
  30  3:31  Twilight Council, Sentry  
  30  3:33  Probe  
  36  3:37  Pylon  
  36  3:41  Probe  
  36  3:45  Probe  
  38  3:50  Robotics Facility  
  38  3:53  Probe  
  37  3:57  Probe  
  36  4:05  Blink (Chrono Boost)  
  36  4:06  Probe  
  36  4:09  Probe  
  38  4:21  Probe (Chrono Boost)  
  38  4:22  Probe (Chrono Boost)  
  38  4:24  Gateway  
  39  4:25  Stalker  
  39  4:26  Stalker  
  39  4:31  Probe (Chrono Boost)  
  45  4:33  Probe (Chrono Boost)  
  45  4:36  Probe (Chrono Boost)  
  44  4:41  Observer  
  44  4:42  Probe  
  44  4:43  Assimilator  
  44  4:44  Pylon  
  44  4:45  Assimilator  
  46  4:48  Probe  
  47  4:54  Probe  
  47  4:56  Shield Battery  
  47  4:59  Stalker x2  
  52  5:00  Probe  
  52  5:06  Probe (Chrono Boost)  
  54  5:14  Probe (Chrono Boost)  
  42  5:18  Probe (Chrono Boost)  
  43  5:25  Probe (Chrono Boost)  
  45  5:28  Probe (Chrono Boost)  
  45  5:31  Probe (Chrono Boost), Stalker x3  
  45  5:34  Probe (Chrono Boost)  
  53  5:36  Observer  
  53  5:38  Probe  
  55  5:45  Probe  
  56  5:50  Probe  
  53  5:57  Probe  
  53  6:03  Probe (Chrono Boost)  
  55  6:09  Probe (Chrono Boost)  
  55  6:10  Templar Archives  
  56  6:12  Charge  
  57  6:20  Probe (Chrono Boost)  
  57  6:21  Probe (Chrono Boost)  
  57  6:24  Pylon  
  57  6:25  Nexus  
  58  6:26  Probe (Chrono Boost)  
  58  6:27  Probe (Chrono Boost)  
  60  6:36  Probe  
  60  6:39  Probe, Warp Prism (Chrono Boost)  
  62  6:44  Pylon  
  64  6:48  Probe, Psionic Storm  
  64  6:51  Probe  
  65  6:58  High Templar  
  65  6:59  High Templar  
  65  7:00  Probe  
  70  7:03  Probe  
  70  7:07  Gateway  
  70  7:08  Observer  
  72  7:11  Observer  
  72  7:12  Probe, Gateway  
  72  7:15  Probe  
  74  7:21  Gateway  
  74  7:23  Gateway  
  74  7:24  Probe, High Templar  
  74  7:27  Probe  
  78  7:37  Probe  
  79  7:38  Probe, High Templar  
  79  7:39  Probe  
  79  7:40  Shield Battery  
  79  7:42  Forge  
  83  7:49  Probe  
  83  7:50  Probe (Chrono Boost)  
  85  7:51  High Templar  
  85  7:52  Probe (Chrono Boost), Assimilator  
  85  7:57  Assimilator  
  88  7:59  Immortal  
  88  8:04  Pylon  
  93  8:05  Pylon  
  93  8:06  Pylon  
  93  8:07  Probe (Chrono Boost)  
  93  8:09  Protoss Ground Weapons Level 1 (Chrono Boost)  
  93  8:22  Probe x3, Zealot x2  
  93  8:24  Zealot x2  
  104  8:29  Zealot x3  
  108  8:35  Pylon x2  
  108  8:39  Forge  
  108  8:43  Warp Prism (Chrono Boost)  
  108  8:46  Gateway  
  108  8:47  Sentry  
  112  8:51  Observer  
  112  8:53  Observer  
  112  9:02  Zealot x4, High Templar x2  
  124  9:10  Robotics Bay, Robotics Facility  
  124  9:12  Pylon  
  124  9:16  Protoss Ground Armor Level 1 (Chrono Boost)  
  119  9:41  Pylon  
  117  9:51  High Templar  
  115  9:52  Zealot  
  115  9:53  Zealot x6  
  115  9:58  Photon Cannon  
  115  9:59  Shield Battery, Disruptor x2  
  121  10:01  Shield Battery  
  121  10:03  Pylon  
  121  10:04  Zealot x6  
  123  10:15  Zealot  
  123  10:16  Protoss Ground Weapons Level 2  
  123  10:18  Pylon  
  123  10:19  Pylon  
  117  10:34  Disruptor (Chrono Boost)  
  109  10:37  Disruptor (Chrono Boost)  
  109  10:39  Zealot x6  
  109  10:40  Zealot x2  
  119  10:47  Cybernetics Core  
  115  11:03  Zealot x7  
  115  11:04  Zealot  
  113  11:18  Disruptor (Chrono Boost)  
  113  11:20  Disruptor (Chrono Boost)  
  113  11:25  Stalker x6  
  107  11:29  High Templar  
  99  11:46  Disruptor  
  90  11:55  Stalker x2  
  90  11:56  Stalker x4  
  94  12:01  Disruptor  
  73  12:15  Zealot  
  73  12:21  Disruptor  
  72  12:23  Zealot x6  
  72  12:27  Probe x3  
  81  12:40  Stalker  
  77  12:45  Probe x3  
  80  12:57  Probe x3  
  83  13:03  High Templar  
  83  13:04  High Templar x6  
  91  13:08  Observer  
  91  13:09  Probe x2  
  84  13:35  Disruptor x2  
  84  13:37  Stalker  
  84  13:38  Stalker x5  
  102  13:48  Probe  
  95  13:50  Protoss Ground Armor Level 2 (Chrono Boost)  
  91  14:05  Archon  
  91  14:06  Archon  
  88  14:10  Stalker x5  
  98  14:22  Warp Prism (Chrono Boost)  
  98  14:28  High Templar  
  98  14:31  Disruptor (Chrono Boost)  
  105  14:46  High Templar x2  
  105  14:49  Zealot x3  
  115  14:56  Nexus  
  114  15:08  Nexus  
  108  15:24  Zealot x6  
  108  15:25  Zealot  
  120  15:33  Probe  
  113  15:36  Archon  
  113  15:39  Probe x2  
  115  15:45  Probe  
  115  15:48  Zealot x5  
  126  15:53  Stalker  
  124  16:09  Probe  
  124  16:10  Probe  
  116  16:15  Stalker x2  
  115  16:21  Probe  
  116  16:26  Probe  
  116  16:28  Probe x2  
  119  16:33  Probe  
  119  16:36  Pylon  
  119  16:38  Probe, Assimilator, Observer (Chrono Boost)  
  123  16:44  High Templar  
  123  16:45  High Templar  
  116  17:02  Nexus  
  116  17:08  Zealot  
  118  17:10  Zealot  
  116  17:26  High Templar x5  
  116  17:29  High Templar  
Show
View Real Time Build Order
Export as new Build Order

MaSa Terran - Winner!

Build Orders:  

Get SALT Encoding   

  12  0:00  SCV  
  13  0:12  SCV  
  14  0:17  Supply Depot  
  14  0:24  SCV  
  15  0:39  SCV, Barracks  
  16  0:45  Refinery  
  16  0:51  SCV  
  16  0:54  Refinery  
  17  1:03  SCV  
  18  1:15  SCV  
  19  1:27  Orbital Command  
  19  1:32  Reaper  
  20  1:46  Factory  
  20  1:49  Supply Depot  
  20  1:54  SCV  
  21  2:04  Reaper  
  21  2:06  SCV  
  22  2:23  SCV  
  22  2:27  Command Center  
  23  2:31  Hellion  
  25  2:40  SCV  
  25  2:41  Supply Depot  
  26  2:52  SCV  
  26  2:53  Factory Tech Lab  
  27  3:00  Starport  
  30  3:12  Cyclone  
  30  3:13  SCV  
  28  3:24  Barracks Reactor  
  28  3:27  SCV  
  29  3:40  SCV  
  30  3:42  Command Center  
  30  3:45  Widow Mine  
  32  3:52  SCV  
  33  4:01  Medivac  
  33  4:04  SCV  
  33  4:07  Widow Mine  
  33  4:08  Orbital Command  
  36  4:13  Marine  
  36  4:16  SCV  
  38  4:18  Marine  
  39  4:28  SCV  
  40  4:32  Marine  
  40  4:35  SCV  
  42  4:40  SCV  
  42  4:41  Barracks  
  42  4:42  Raven  
  42  4:43  Bunker, Factory Tech Lab  
  42  4:45  Barracks  
  45  4:46  Marine  
  45  4:48  SCV  
  47  4:53  Marine  
  47  4:54  Orbital Command  
  47  4:59  SCV  
  49  5:02  SCV  
  49  5:04  Refinery  
  49  5:06  Marine  
  51  5:11  SCV  
  50  5:14  SCV  
  50  5:16  Marine, Siege Tank  
  55  5:23  SCV  
  55  5:24  SCV  
  57  5:28  Barracks  
  57  5:31  Barracks  
  57  5:35  SCV  
  58  5:38  SCV  
  58  5:39  SCV  
  58  5:41  Starport Reactor  
  58  5:42  Marine, Barracks Tech Lab  
  61  5:43  Engineering Bay  
  61  5:47  SCV  
  59  5:56  Marine x2, Siege Tank  
  59  5:57  SCV  
  63  5:58  SCV  
  63  6:01  SCV  
  63  6:02  Marine  
  63  6:03  Refinery  
  65  6:09  SCV, Marauder  
  65  6:10  Terran Infantry Weapons Level 1  
  68  6:15  Supply Depot  
  68  6:16  Barracks Reactor  
  68  6:17  Supply Depot  
  68  6:18  Barracks Tech Lab  
  68  6:21  Stimpack  
  68  6:22  Marine  
  69  6:34  Orbital Command  
  69  6:37  SCV x2, Marauder x2, Marine  
  69  6:39  Marauder  
  78  6:42  Supply Depot x2, Refinery  
  78  6:48  Marine  
  78  6:49  SCV x2  
  78  6:53  Supply Depot  
  78  6:54  Medivac  
  80  6:59  Marauder x2, Marine x2  
  85  7:04  SCV x2, Marauder  
  85  7:05  SCV  
  85  7:08  Marine x2  
  92  7:11  Supply Depot  
  92  7:14  Siege Tank  
  92  7:15  Combat Shield  
  95  7:18  Supply Depot, Medivac  
  95  7:20  SCV, Marauder  
  95  7:21  SCV  
  102  7:22  SCV  
  102  7:24  Marine  
  103  7:32  Supply Depot, Marine  
  103  7:33  Supply Depot  
  103  7:34  Medivac  
  103  7:36  Bunker  
  103  7:37  Marauder  
  108  7:39  Marauder, Marine  
  108  7:41  Marine  
  112  7:48  Marine  
  112  7:49  Marauder  
  112  7:50  Supply Depot  
  112  7:51  Siege Tank  
  118  7:54  Marine  
  118  7:58  Supply Depot, Marauder  
  121  8:00  Marauder  
  121  8:03  Concussive Shells, Marine  
  121  8:05  Medivac  
  126  8:08  Marine x2  
  126  8:10  Marauder  
  126  8:12  SCV x3, Marine  
  133  8:19  Marauder  
  136  8:20  Marine, Terran Infantry Armor Level 1  
  136  8:22  Marauder  
  136  8:24  Medivac  
  141  8:29  Marine x2  
  141  8:32  Marauder  
  145  8:37  Marine  
  145  8:38  Marine  
  145  8:40  Viking  
  145  8:41  Marauder  
  150  8:42  SCV  
  150  8:43  Marauder  
  150  8:47  Marine x2  
  154  8:53  Supply Depot x2, Marauder  
  154  8:54  Supply Depot  
  154  8:55  Marine  
  157  9:03  Supply Depot  
  157  9:12  Missile Turret  
  157  9:14  Marine x3  
  157  9:15  Medivac, Marauder x3  
  168  9:22  Supply Depot x2  
  168  9:24  Supply Depot, Marine  
  168  9:25  Medivac, Siege Tank  
  169  9:32  Marine  
  169  9:36  Marauder x2  
  169  9:37  Marauder  
  172  9:45  Medivac, Marine  
  175  9:49  Marine  
  175  9:50  Marine  
  177  9:56  Marine  
  177  9:57  Marauder x2  
  177  9:58  Marauder  
  180  10:01  Medivac  
  180  10:03  Marine  
  181  10:07  Marine x2  
  181  10:10  SCV  
  181  10:13  Marine  
  181  10:15  Medivac  
  181  10:19  Marauder x3  
  181  10:20  Marine  
  190  10:25  Marine x2  
  184  10:31  Marine  
  184  10:33  SCV x3  
  176  10:38  Marine  
  176  10:40  Marauder x2  
  176  10:41  Marauder  
  170  10:43  Marine x2  
  170  10:45  SCV  
  170  10:49  Marine  
  170  10:54  Medivac  
  170  10:56  Marine  
  169  11:02  Marauder x3, Marine  
  175  11:05  Medivac  
  171  11:14  Marine  
  151  11:22  Marine  
  151  11:23  Marauder x2, Marine x2  
  151  11:24  Marauder  
  137  11:33  Medivac  
  137  11:35  Medivac  
  137  11:37  Marine  
  138  11:40  Marine  
  138  11:44  Marauder x2, Command Center  
  138  11:45  Marauder  
  137  11:56  Marine x3  
  137  12:01  Siege Tank  
  136  12:03  Medivac  
  136  12:05  Marine  
  136  12:06  Marauder x3  
  139  12:12  SCV  
  139  12:14  Marine  
  134  12:19  Marine  
  131  12:24  Marine  
  131  12:27  Marauder x2  
  131  12:28  Marauder  
  136  12:31  Marine x2  
  131  12:43  Marine x2  
  131  12:44  SCV x3  
  124  12:48  Marauder x2  
  124  12:49  Marauder  
  124  12:51  Liberator  
  132  12:53  Marine  
  127  13:01  SCV  
  127  13:04  Armory  
  128  13:06  Engineering Bay  
  128  13:08  Marine  
  128  13:09  SCV x2  
  128  13:10  Marauder x3  
  137  13:18  SCV  
  138  13:23  Marine, Liberator  
  138  13:25  SCV x2  
  143  13:29  Barracks  
  143  13:30  Barracks  
  143  13:31  Supply Depot, Marauder, Barracks  
  143  13:32  Supply Depot  
  148  13:34  Marine x2, Siege Tank  
  137  13:49  Marauder x2, Marine x2  
  137  13:52  Marine  
  137  13:53  Planetary Fortress, Marine x2  
  137  13:54  SCV  
  137  13:55  SCV x2  
  135  14:08  Marine x2  
  135  14:09  Medivac  
  135  14:10  Marauder  
  135  14:11  Marauder x2  
  135  14:13  Unknown  
  137  14:24  Medivac  
  137  14:28  Marine x3  
  137  14:29  Marine x4  
  146  14:32  Marauder x2  
  146  14:33  Marauder  
  152  14:38  Siege Tank  
  152  14:40  SCV x3  
  158  14:48  Terran Infantry Armor Level 2  
  158  14:53  Marauder  
  158  14:56  Marine x5  
  158  14:59  Terran Infantry Weapons Level 2  
  165  15:06  Marine x4  
  169  15:10  SCV, Supply Depot  
  169  15:11  SCV, Supply Depot  
  169  15:12  Refinery  
  169  15:13  Marine  
  169  15:14  Marine x2  
  170  15:15  Marauder  
  170  15:20  Marine x2  
  172  15:23  Marine  
  172  15:24  Marauder x2, Marine  
  173  15:31  Medivac x2  
  173  15:32  Marine x3, Siege Tank  
  172  15:36  Marauder  
  172  15:38  Marine  
  175  15:43  Marine  
  175  15:44  Marine  
  175  15:46  Marauder x2, Marine  
  182  15:50  Marine x3  
  182  15:56  Marine  
  179  15:57  Marauder  
  179  16:01  Marine x2  
  179  16:03  Marine  
  166  16:07  Marauder x2, Marine  
  166  16:08  Marine  
  166  16:09  Marine  
  165  16:19  Marauder, Marine x3  
  165  16:21  Marine  
  159  16:28  Marauder  
  159  16:29  Marauder, Liberator x2  
  165  16:40  Marauder  
  165  16:45  Command Center  
  165  16:47  Marine  
  167  16:50  Marauder x2  
  167  16:52  Marine x2, Siege Tank  
  177  17:01  Marauder, Marine x2  
  171  17:07  Barracks Tech Lab x2  
  173  17:11  Marauder x2  
  173  17:12  SCV x2, Medivac  
  181  17:19  Marine  
  182  17:23  Marauder  

Tags
 
Add a new tag
Caveats
  • Supply blocks, unpowered buildings, or Contaminate may cause inaccurate times.
  • Supply counts are checked every 10 seconds.